 Dungeon Crawl Stone Soup version 0.20.1-1-g8b1a95d (webtiles) character file.

246 Kingsmith the Conjurer (level 5, -6/28 HPs)
             Began as a Deep Elf Conjurer on Dec 7, 2017.
             Killed by divine providence
             ... invoked by an orc priest
              (14 damage)
             ... on level 5 of the Dungeon.
             The game lasted 00:08:07 (3071 turns).

Kingsmith the Conjurer (Deep Elf Conjurer)          Turns: 3071, Time: 00:08:07

Health: -6/28      AC:  5    Str:  6    XL:     5   Next: 84%
Magic:  7/15       EV: 13    Int: 20    God:
Gold:   218        SH:  0    Dex: 15    Spells: 5/15 levels left

rFire    . . .     SeeInvis .   t - +0 long sword
rCold    . . .     Gourm    .   (no shield)
rNeg     . . .     Faith    .   a - +0 robe
rPois    .         Spirit   .   m - +2 helmet
rElec    .         Reflect  .   (no cloak)
rCorr    .         Harm     .   (no gloves)
MR       .....                  (no boots)
Stlth    ++........             (no amulet)
Regen    0.1/turn               (no ring)
MPRegen  0.2/turn               (no ring)

@: no status effects
A: no striking features
a: no special abilities


You were on level 5 of the Dungeon.
You were not hungry.

You visited 1 branch of the dungeon, and saw 5 of its levels.

You collected 218 gold pieces.

Inventory:

Hand Weapons
 t - a +0 long sword (weapon)
Armour
 a - a +0 robe (worn)
 m - a +2 helmet (worn)
Jewellery
 s - a +5 ring of intelligence {unknown}
Scrolls
 f - a scroll of enchant weapon {unknown}
 g - a scroll of magic mapping {unknown}
 i - a scroll of remove curse {unknown}
 o - 3 scrolls of identify {unknown}
 q - a scroll of fog {unknown}
Potions
 e - a potion of ambrosia {unknown}
 h - 2 potions of agility {unknown}
 j - 2 potions of haste {unknown}
 l - 2 potions of curing {unknown}
 p - a potion of degeneration {unknown}
 r - 2 potions of brilliance {unknown}
Books
 b - a book of Conjurations

   Spells                             Type                      Level
   a - Magic Dart                     Conjuration                  1
   b - Searing Ray                    Conjuration                  2
   c - Dazzling Spray                 Conjuration/Hexes            3
   d - Fulminant Prism                Conjuration/Hexes            4
   e - Force Lance                    Conjuration/Translocation    4
   f - Iskenderun's Mystic Blast      Conjuration                  4
Comestibles
 c - 2 bread rations
 k - 2 royal jellies
 n - a chunk of flesh


   Skills:
 - Level 2.4 Dodging
 - Level 2.4 Stealth
 - Level 5.5 Spellcasting
 - Level 6.2 Conjurations
 + Level 2.4 Translocations


You had 5 spell levels left.
You knew the following spells:

 Your Spells              Type           Power        Failure   Level  Hunger
a - Magic Dart            Conj           ####         1%          1    None
b - Searing Ray           Conj           ####..       1%          2    None
c - Dazzling Spray        Conj/Hex       ###...       10%         3    ##.....
d - Force Lance           Conj/Tloc      ###.....     19%         4    ####...


Dungeon Overview and Level Annotations

Branches:
Dungeon (5/15)
 Temple: D:4-7

Altars:
Okawaru

Annotations:
D:4 Thyosulf's ghost, amateur MfIE


Message History

Beogh smites you!
* * * LOW HITPOINT WARNING * * *
The searing ray hits the orc.
You kill the orc!
The searing ray hits the orc priest.
The orc priest is severely wounded.
You finish channeling your searing ray.
Casting: Searing Ray
Confirm with . or Enter, or press ? or * to list all spells.
Aiming: Searing Ray
Press: ? - help, Shift-Dir - straight line, f - orc priest
Aim: an orc priest, wielding a club and wearing a ring mail (severely wounded)
The searing ray hits the orc priest.
The orc priest is severely wounded. (Press . to maintain the ray.)
The searing ray misses the orc priest.
The orc priest mumbles some strange prayers to Beogh against you.
Beogh smites you!
Ouch! That really hurt!
You die...

## ## .) #.
.## #.#..
...#
#..######
#@o......
#...#######
#.#.# #.#.#
# #.# ...
#.# #.#


You could see an orc priest.

Vanquished Creatures
  Purgy (D:3)
  A scorpion (D:4)
  An adder (D:2)
  2 oozes
  2 worms (D:2)
  5 dart slugs
  3 leopard geckos
  2 orcs (D:5)
  2 giant cockroaches (D:2)
  7 goblins
  11 hobgoblins
  2 quokkas
  A ball python (D:2)
  11 bats
  4 frilled lizards
  7 kobolds
  2 rats
64 creatures vanquished.

Notes
Turn   | Place    | Note
-------+----------+-------------------------------------------
     0 | D:1      | Kingsmith the Deep Elf Conjurer began the quest for the Orb.
     0 | D:1      | Reached XP level 1. HP: 10/10 MP: 6/6
   272 | D:1      | Reached XP level 2. HP: 13/15 MP: 1/8
   371 | D:1      | Reached skill level 5 in Conjurations
   384 | D:1      | Learned a level 2 spell: Searing Ray
  1206 | D:2      | Reached XP level 3. HP: 19/19 MP: 5/9
  1265 | D:2      | Learned a level 3 spell: Dazzling Spray
  1600 | D:2      | Reached skill level 6 in Conjurations
  1957 | D:3      | Reached XP level 4. HP: 24/24 MP: 6/10
  2486 | D:3      | Noticed Purgy
  2492 | D:3      | Killed Purgy
  2492 | D:3      | Reached skill level 5 in Spellcasting
  2492 | D:3      | Reached XP level 5. HP: 28/28 MP: 4/15
  2498 | D:3      | Learned a level 4 spell: Force Lance
  3051 | D:4      | Found an iron altar of Okawaru.
  3054 | D:4      | Noticed Thyosulf's ghost (amateur MfIE)
  3065 | D:5      | Entered Level 5 of the Dungeon
  3071 | D:5      | Killed from afar by an orc priest

Skill      XL: |  1  2  3  4  5 |
---------------+----------------+-----
Conjurations   | 5 6 |  6.2
Spellcasting   | 5 |  5.5
Translocations | 2 |  2.4
Dodging        | |  2.4
Stealth        | |  2.4

Action                   |  1- 3 |  4- 6 || total
-------------------------+-------+-------++-------
Melee: Unarmed           |     6 |       ||     6
       Club              |    11 |       ||    11
 Cast: Magic Dart        |    71 |    39 ||   110
       Searing Ray       |     4 |     6 ||    10
  Eat: Chunk             |     3 |     4 ||     7
Armor: Robe              |    10 |     1 ||    11
Dodge: Dodged            |    25 |     4 ||    29
